 Dungeon Crawl Stone Soup version 0.30-a0-125-g51eefa89be (webtiles) character file.

Game seed: 5591206683992297766

16 Maken the Chopper (level 2, 0/27 HPs)
             Began as a Hill Orc Monk on Sept 18, 2022.
             Succumbed to a gnoll's poison
             ... on level 2 of the Dungeon.
             The game lasted 00:02:07 (837 turns).

Maken the Chopper (Hill Orc Monk)                    Turns: 837, Time: 00:02:08

Health: 0/27       AC:  2    Str: 13    XL:     2   Next: 54%
Magic:  2/2        EV: 12    Int: 10    God:
Gold:   52         SH:  0    Dex: 13    Spells: 1/1 levels left

rFire   . . .      SeeInvis .    h - +2 long sword (elec)
rCold   . . .      Faith    .    (no shield)
rNeg    . . .      Spirit   .    b - +0 robe
rPois   .          Reflect  .    (no helmet)
rElec   .          Harm     .    (no cloak)
rCorr   .          Rampage  .    (no gloves)
Will    .....                    (no boots)
Stlth   ++........               (no amulet)
HPRegen 0.09/turn                (no ring)
MPRegen 0.08/turn                (no ring)

@: lethally poisoned (0 -> -9)
A: no striking features
a: no special abilities


You were on level 2 of the Dungeon.
You visited 1 branch of the dungeon, and saw 2 of its levels.

You collected 52 gold pieces.

Inventory:

Hand Weapons
 a - a +0 hand axe
 h - a +2 long sword of electrocution (weapon)
Armour
 b - a +0 robe (worn)
Magical Staves
 g - a staff of cold
Scrolls
 i - a scroll of teleportation {unknown}
Potions
 c - a potion of ambrosia
 d - a potion of cancellation {unknown}
 e - a potion of heal wounds {unknown}
 f - a potion of curing {unknown}


   Skills:
 + Level 3.8 Fighting
 + Level 0.1 Long Blades
 - Level 4.3 Axes
 + Level 0.8 Armour
 + Level 2.5 Dodging
 - Level 1.6 Stealth


You had one spell level left.
You didn't know any spells.
Your spell library was empty.

Dungeon Overview and Level Annotations

Branches:
Dungeon (1/15)

Altars:


Message History

There is an open door here.
You see here a scroll labelled HERACO WANLOU.
You slash the goblin!
You kill the goblin!
No target in view!
i - a scroll labelled HERACO WANLOU You open the door.
There is an open door here.
A kobold comes into view. It is wielding a +0 short sword.
A sourceless malevolence fills the Dungeon...
You fall into a shaft and drop 1 floor!
The shaft crumbles and collapses.
Found a ring mail and 7 stones.
No target in view!
A quokka comes into view.
Found 4 poisoned darts.
You hit the quokka. Lightning courses through the quokka!
You kill the quokka!
No target in view!
No target in view!
A gnoll comes into view.
It is wielding a +0 halberd of venom. 2 gnolls come into view.
The gnoll shouts!
The gnoll misses you.
You closely miss the gnoll.
The gnoll hits you with a +0 halberd of venom!
Ouch! That really hurt!
You are lethally poisoned!
You hit the gnoll.
The gnoll is lightly wounded.
* * * LOW HITPOINT WARNING * * *
You feel very sick. The gnoll barely misses you. The gnoll closely misses you.
You hit the gnoll.
The gnoll is heavily wounded.
* * * LOW HITPOINT WARNING * * *
You feel very sick. The gnoll closely misses you.
You barely miss the gnoll.
The gnoll is heavily wounded.
You die...

####...............
..
#...###......#.....
... #.....#.##.....#
..###........#.....#
.............#.(...#
#....[...........#
#...............## #
#....g......#.### #..
#...@...#+#.#.#
#....#.......#.#+#..
.....................
.................
....
..................
(..
........#.........
...............#..
...............#
...............#


You could see a gnoll.

Vanquished Creatures
  An endoplasm (D:1)
  A giant cockroach (D:1)
  2 goblins (D:1)
  A hobgoblin (D:1)
  2 jackals (D:1)
  2 kobolds (D:1)
  2 quokkas
  A bat (D:1)
  A rat (D:1)
13 creatures vanquished.

Vanquished Creatures (others)
  3 fungi (D:1)
  A plant (D:1)
4 creatures vanquished.

Grand Total: 17 creatures vanquished

Notes
Turn   | Place    | Note
-------+----------+-------------------------------------------
     0 | D:1      | Maken the Hill Orc Monk began the quest for the Orb.
     0 | D:1      | Reached XP level 1. HP: 19/19 MP: 1/1
   284 | D:1      | Reached XP level 2. HP: 24/27 MP: 2/2
   609 | D:1      | Found a faded altar of an unknown god.
   807 | D:1      | You fall into a shaft and drop 1 floor!
   837 | D:2      | Succumbed to a gnoll's poison

Illustrated notes

Levels and vault maps discovered:
D:1:      spicycebolla_arrival_clurvy, layout_loops_corners, serial_forest,
          infiniplex_forest_straight_3, infiniplex_forest_straight_5,
          infiniplex_forest_clump_double, infiniplex_forest_clump_large,
          infiniplex_forest_lined_2, infiniplex_forest_lined_3,
          shapermc_ecumenical_altar_mp_ritualfount
D:2:      layout_basic

Action                   || total
-------------------------++-------
Melee: Hand axe          ||    33
       Long sword        ||    11
 Stab: Sleeping          ||     1
Armor: Robe              ||     5
Dodge: Dodged            ||    32

Table legend: (Time is in decaauts)
 A = Elapsed time spent in this place.
 B = Non-inter-level travel time spent in this place.
 C = Inter-level travel time spent in this place.
 D = Time resting spent in this place.
 E = Time spent auto-exploring this place.
 F = Levels seen in this place.
 G = Mean time per level.
                   A        B        C        D        E       F      G
               +--------+--------+--------+--------+--------+-----+--------+
         Total |    843 |    843 |      0 |      0 |    700 |   2 |  421.5 |
       Dungeon |    843 |    843 |      0 |      0 |    700 |   2 |  421.5 |
               +--------+--------+--------+--------+--------+-----+--------+

Top non-repeatable levels by time:
     D:1: 811 daAuts
     D:2: 31 daAuts
